 Dungeon Crawl Stone Soup version 0.23-a0-448-g1c01f63 (webtiles) character file.

3794 insofaras the Firebug (level 9, -7/74 HPs)
             Began as a Centaur Fire Elementalist on Nov 18, 2018.
             Was a Believer of Sif Muna.
             Mangled by a two-headed ogre
             ... wielding a +0 giant club
              (13 damage)
             ... on level 9 of the Dungeon on Nov 19, 2018.
             The game lasted 00:42:58 (13160 turns).

insofaras the Firebug (Centaur Fire Elementalist)  Turns: 13160, Time: 00:42:58

Health: -7/74      AC:  8    Str: 13    XL:     9   Next: 96%
Magic:  2/15       EV:  1    Int: 19    God:    Sif Muna [**....]
Gold:   430        SH:  0    Dex: 10    Spells: 3/16 levels left

rFire    . . .     SeeInvis .   T - +3 trident
rCold    . . .     Gourm    .   (no shield)
rNeg     + + +     Faith    .   G - +2 leather armour {rPois}
rPois    ∞         Spirit   .   (no helmet)
rElec    .         Reflect  .   O - +0 cloak
rCorr    .         Harm     .   (no gloves)
MR       .....                  (no barding)
Stlth    +.........             q - amulet of regeneration
HPRegen  0.62/turn              V - ring of wizardry
MPRegen  0.14/turn              Q - +4 ring of intelligence

@: about to teleport, petrified, slowed, divine energy, very quick
A: large, hooves 3, deformed body, speed 2, tough skin 3
a: Stop Divine Energy, Renounce Religion


You were on level 9 of the Dungeon.
You worshipped Sif Muna.
Sif Muna was pleased with you.
You were very hungry.

You visited 2 branches of the dungeon, and saw 10 of its levels.

You collected 430 gold pieces.

Inventory:

Hand Weapons
 g - a +0 hunting sling
 j - a +1 short sword of speed
 n - a +0 halberd
 T - a +3 trident (weapon)
Missiles
 k - 189 stones (quivered)
 s - 2 throwing nets
 C - 13 tomahawks
Armour
 a - a +0 robe
 d - a +0 leather armour
 G - a +2 leather armour of poison resistance (worn)
 N - a scarf of spirit shield
 O - a +0 cloak (worn)
Jewellery
 f - an uncursed amulet of magic regeneration
 q - an amulet of regeneration (around neck)
 r - a +3 amulet of reflection
 v - an uncursed ring of resist corrosion
 A - the amulet of the Four Winds {rN+ MR+++ Clar}
   (You found it on level 4 of the Dungeon)

   [amulet of nothing]

   It protects you from negative energy.
   It affects your resistance to hostile enchantments.
   It protects you against confusion.
 B - an uncursed ring of protection from fire
 K - an uncursed ring of positive energy
 Q - a +4 ring of intelligence (right hand)
 S - an uncursed amulet of rage
 V - a ring of wizardry (left hand)
Wands
 i - a wand of acid (9)
 p - a wand of enslavement (7)
 x - a wand of flame (38)
 D - a wand of paralysis (4)
 E - a wand of random effects (19)
 P - a wand of polymorph (15)
Scrolls
 b - 5 scrolls of teleportation
 h - 6 scrolls of remove curse
 y - 2 scrolls of amnesia {unknown}
 z - a scroll of blinking {unknown}
 J - a scroll of identify
 M - 3 scrolls of immolation
 R - a scroll of noise {unknown}
Potions
 e - 2 potions of mutation
 m - 6 potions of curing
 o - a potion of brilliance {unknown}
 t - 3 potions of invisibility
 u - 2 potions of lignification {unknown}
 w - 2 potions of heal wounds
 F - 4 potions of haste
 H - 2 potions of might
 I - 2 potions of flight
 L - 2 potions of ambrosia
 U - a potion of cancellation {unknown}
Comestibles
 c - 15 rations
 l - 6 chunks of flesh


   Skills:
 - Level 5.3 Fighting
 + Level 4.4 Polearms
 - Level 0.2 Throwing
 - Level 4.0 Armour
 - Level 1.3 Dodging
 - Level 1.1 Stealth
 + Level 4.2 Spellcasting
 + Level 6.0 Conjurations
 + Level 6.8 Fire Magic
 + Level 0.1 Evocations


You had 3 spell levels left.
You knew the following spells:

 Your Spells              Type           Power        Failure   Level  Hunger
a - Flame Tongue          Conj/Fire      ####.        1%          1    None
b - Conjure Flame         Conj/Fire      ####....     1%          3    ###....
c - Sticky Flame          Conj/Fire      ####....     4%          4    ####...
d - Fireball              Conj/Fire      ####......   13%         5    ######.

Your spell library contained the following spells:

 Spells                   Type           Power        Failure   Level  Hunger
 Throw Flame              Conj/Fire      ####..       1%          2    #......
 Inner Flame              Hex/Fire       ###.....     4%          3    ###....


Dungeon Overview and Level Annotations

Branches:
Dungeon (9/15)             Temple (1/1) D:4
   Lair: D:8-11         Orc: D:9-12

Altars:
Ashenzari
Cheibriados
Dithmenos
Elyvilon
Fedhas
Gozag
Hepliaklqana
Kikubaaqudgha
Makhleb
Nemelex Xobeh
Okawaru
Qazlal
Ru
Sif Muna
Trog
Uskayaw
Vehumet
Wu Jian
Xom
Yredelemnul
Zin
The Shining One

Annotations:
D:5 lurker's ghost, amateur DrFi
D:7 exclusion: downstairs
D:8 exclusion: 2 downstairs


Innate Abilities, Weirdness & Mutations

You have hooves in place of feet.
Armour fits poorly on your strangely shaped body.
You cover ground very quickly.
You have extremely tough skin. (AC +3)


Message History

The basilisk gazes at you.
You are slowing down.
You feel much better. The wraith hits you.
The two-headed ogre hits you with a +0 giant club!
* * * LOW HITPOINT WARNING * * *
The two-headed ogre barely misses you. The basilisk gazes at you.
Your limbs have turned to stone.
The howler monkey hoots and howls with incredible vigour!
The wraith barely misses you. The basilisk bites you!
* * * LOW HITPOINT WARNING * * *
The two-headed ogre barely misses you.
The two-headed ogre hits you but does no damage.
The howler monkey hits you but does no damage.
The wraith hits you but does no damage.
You hear a croak.
You hear a shout!
You have turned to stone.
The basilisk bites you. The howler monkey hits you.
The two-headed ogre hits you with a +0 giant club!!
You die...

#.....#.....#.....#......
#.....#.....#....<#......
#.....'.....#.....#......
#.....#.....#.....#......
#.....#÷....#.....#......
#.....#.....#.....#......
#######.....#############
#....h......#
#...@OK.....#
####lW......# ##K......#
##......# #......#
.%.?W........#
....l.#......#
?....##'###### #..(# .. .


You could see a two-headed ogre, a basilisk, a wraith, a howler monkey and 2
kobolds.

Vanquished Creatures
  Eustachio (D:4)
  Menkaure (D:4)
  A water moccasin (D:6)
  4 orc warriors (D:8)
  4 phantoms
  3 necrophages
  3 centaurs
  4 ogres
  A big kobold (D:8)
  4 bullfrogs
  A scorpion (D:6)
  A killer bee (D:5)
  5 howler monkeys
  A jelly (D:8)
  2 centaur zombies
  7 orc priests
  5 hounds
  2 iguanas
  2 bullfrog skeletons (D:8)
  7 worker ants
  8 orc wizards
  2 hound zombies
  4 gnolls (D:2)
  11 adders
  A shadow imp (D:6)
  4 worms
  3 dart slugs
  7 leopard geckos
  27 orcs
  2 giant cockroaches
  5 goblins
  3 hobgoblins
  11 jackals
  4 quokkas
  2 ball pythons
  6 bats
  5 frilled lizards
  12 kobolds
  A leopard gecko zombie (D:8)
  4 rats
181 creatures vanquished.

Vanquished Creatures (others)
  A fungus (D:9)
1 creature vanquished.

Grand Total: 182 creatures vanquished

Notes
Turn   | Place    | Note
-------+----------+-------------------------------------------
     0 | D:1      | insofaras the Centaur Fire Elementalist began the quest for
                  | the Orb.
     0 | D:1      | Reached XP level 1. HP: 14/14 MP: 3/3
   380 | D:1      | Reached XP level 2. HP: 15/20 MP: 0/4
   973 | D:2      | Reached skill level 1 in Conjurations
  1327 | D:2      | Reached XP level 3. HP: 26/26 MP: 4/6
  2681 | D:2      | Reached XP level 4. HP: 33/33 MP: 4/7
  2686 | D:2      | Learned a level 3 spell: Conjure Flame
  3157 | D:3      | Reached skill level 1 in Armour
  3239 | D:3      | Found a hazy altar of Hepliaklqana.
  3368 | D:3      | Reached skill level 1 in Polearms
  4480 | D:4      | Reached XP level 5. HP: 37/38 MP: 3/8
  4529 | D:4      | Found a staircase to the Ecumenical Temple.
  4559 | Temple   | Entered the Ecumenical Temple
  4900 | D:4      | Noticed an ogre
  4932 | D:4      | Killed an ogre
  4932 | D:4      | Reached XP level 6. HP: 33/46 MP: 4/9
  5054 | D:4      | Found the amulet of the Four Winds {rN+ MR+++ Clar}
  5060 | D:4      | Noticed Menkaure
  5067 | D:4      | Killed Menkaure
  5067 | D:4      | Reached skill level 1 in Fighting
  5206 | D:4      | Paralysed by an orc wizard for 4 turns
  5819 | D:4      | Learned a level 4 spell: Sticky Flame
  5955 | D:4      | Noticed Eustachio
  5997 | D:4      | Killed Eustachio
  5997 | D:4      | Reached XP level 7. HP: 17/55 MP: 1/11
  6142 | D:5      | Entered Level 5 of the Dungeon
  6341 | D:5      | Found an ancient bone altar of Kikubaaqudgha.
  6688 | D:5      | Found a runed door.
  6704 | D:5      | Noticed lurker's ghost (amateur DrFi)
  6739 | D:5      | Found a hide-covered altar of Uskayaw.
  7805 | D:5      | Upgraded the game from 0.23-a0-446-g036aa52 to
                  | 0.23-a0-448-g1c01f63
  8082 | Temple   | Became a worshipper of Sif Muna the Loreminder
  8335 | D:6      | Reached XP level 8. HP: 51/62 MP: 1/12
  8732 | D:6      | Found a radiant altar of Vehumet.
  9109 | D:6      | Found a snail-covered altar of Cheibriados.
  9110 | D:6      | Found an opulent altar of Gozag.
  9678 | D:7      | HP: 3/62 [hound (3)]
  9796 | D:7      | Reached skill level 5 in Fire Magic
  9803 | D:7      | Found a sand-covered staircase.
 10025 | D:7      | Reached * piety under Sif Muna
 10070 | D:7      | Found an iron altar of Okawaru.
 10509 | D:8      | Reached XP level 9. HP: 63/71 MP: 0/15
 11419 | D:8      | Reached skill level 5 in Conjurations
 11645 | D:8      | Reached ** piety under Sif Muna
 11645 | D:8      | Reached skill level 5 in Fighting
 12807 | D:8      | Learned a level 5 spell: Fireball
 13144 | D:9      | Noticed a two-headed ogre
 13160 | D:9      | Mangled by a two-headed ogre

Vault maps used:
D:1:      dpeg_arrival_renting, feat_on_display
D:2:      minmay_misc_feat_enclosed
D:3:      overflow_temple_1_default, first_ration
D:4:      minmay_temple_entry_trees, due_unseen_surprise, uniq_eustachio,
          uniq_menkaure
D:5:      nicolae_overflow_crystal_walls, ebering_ghost_inner_flame, basic_altar
D:6:      hangedman_cross_stitches, minitemple, vehumet_altar_wand_db
D:7:      okawaru_gym_becter, lightli_ossuary_entry_decrepit_ruins
D:8:      grunt_ogre_cave, dk_noncrumbling_4, moated_statue,
          minmay_misc_feat_room
D:9:      minmay_bloctagon_deflated, dpeg_oklobed_lair
Temple:   minmay_temple_bridge_d

Skill      XL: |  1  2  3  4  5  6  7  8  9 |
---------------+----------------------------+-----
Fire Magic     | 3 4 5 6 |  6.8
Spellcasting   | 2 3 4 |  4.2
Conjurations   | 1 2 4 6 |  6.0
Armour         | 1 2 3 4 |  4.0
Polearms       | 1 2 3 4 |  4.4
Fighting       | 2 3 5 |  5.3
Throwing       | |  0.2
Dodging        | |  1.3
Stealth        | |  1.1
Evocations     | |  0.1

Action                   |  1- 3 |  4- 6 |  7- 9 || total
-------------------------+-------+-------+-------++-------
Melee: Unarmed           |     3 |       |     8 ||    11
       Kick              |     3 |    11 |    27 ||    41
       Halberd           |    25 |   113 |   117 ||   255
       Trident           |       |       |   229 ||   229
Throw: Stone             |       |     4 |       ||     4
 Cast: Flame Tongue      |    52 |    74 |   242 ||   368
       Conjure Flame     |       |     4 |    15 ||    19
       Fireball          |       |       |     3 ||     3
       Sticky Flame      |       |       |     3 ||     3
Invok: Divine Energy     |       |       |     1 ||     1
Evoke: Wand              |       |       |     3 ||     3
  Use: Potion            |       |     1 |     2 ||     3
       Scroll            |       |       |    19 ||    19
 Stab: Paralysed         |       |       |     5 ||     5
  Eat: Chunk             |     2 |    10 |    20 ||    32
       Ration            |     1 |       |     1 ||     2
Armor: Robe              |     1 |       |       ||     1
       Leather armour    |    15 |    74 |   152 ||   241
Dodge: Dodged            |    26 |    85 |   168 ||   279
Block: Other             |       |       |     1 ||     1

Table legend:
 A = Non-vault XP
 B = Vault XP
 C = Vault XP percentage of total XP
 D = Non-vault monster count
 E = Vault monster count
 F = Vault count percentage of total count
                 A         B        C        D         E       F
            +---------+---------+-------+---------+---------+-------
      Total |    4637 |     784 |  14.5 |     168 |      13 |   7.2
            +---------+---------+-------+---------+---------+-------
        D:1 |      20 |       0 |   0.0 |      12 |       0 |   0.0
        D:2 |     114 |       0 |   0.0 |      24 |       0 |   0.0
        D:3 |      53 |       0 |   0.0 |      14 |       0 |   0.0
        D:4 |     338 |     377 |  52.7 |      17 |       2 |  10.5
        D:5 |     274 |     113 |  29.2 |       7 |       3 |  30.0
        D:6 |     652 |     172 |  20.9 |      16 |       7 |  30.4
        D:7 |     482 |       0 |   0.0 |      13 |       0 |   0.0
        D:8 |    2278 |     122 |   5.1 |      51 |       1 |   1.9
        D:9 |     426 |       0 |   0.0 |      14 |       0 |   0.0
            +---------+---------+-------+---------+---------+-------
